 Dungeon Crawl Stone Soup version 0.31.0-10-gcf4a605ca0 (webtiles) character file.

Game seed: 17617237309412824667

59 Curundu the Chopper (level 3, -10/33 HPs)
             Began as a Minotaur Berserker on Jan 25, 2024.
             Was a Follower of Trog.
             Mangled by a gnoll
             ... wielding a +0 halberd
              (12 damage)
             ... on level 2 of the Dungeon.
             The game lasted 00:04:00 (1115 turns).

Curundu the Chopper (Minotaur Berserker)            Turns: 1115, Time: 00:04:00

Health: -10/33     AC:  3    Str: 23    XL:     3   Next: 78%
Magic:  2/2        EV: 12    Int:  4    God:    Trog [*.....]
Gold:   19         SH:  0    Dex:  9    Spells: 2/2 levels left

rFire   . . .        f - +0 war axe
rCold   . . .        (no shield)
rNeg    . . .        b - +0 animal skin
rPois   .            (helmet restricted)
rElec   .            (no cloak)
rCorr   .            a - +0 pair of gloves
SInv    .            (no boots)
Will    .....        (no amulet)
Stlth   +            (no ring)
HPRegen 0.25/turn    (no ring)
MPRegen 0.08/turn

%: no passive effects
@: lethally poisoned (-10 -> -11)
A: horns 2, retaliatory headbutt
a: Renounce Religion, Berserk


You were on level 2 of the Dungeon.
You worshipped Trog.
Trog was aware of your devotion.
You visited 1 branch of the dungeon, and saw 2 of its levels.

You collected 19 gold pieces.

Inventory:

Hand Weapons
 f - a +0 war axe (weapon)
Armour
 a - a +0 pair of gloves (worn)
 b - a +0 animal skin (worn)
Potions
 c - a potion of degeneration {unknown}


   Skills:
 + Level 4.1 Fighting
 + Level 5.0 Axes
 + Level 3.0 Armour
 + Level 2.4 Dodging
 + Level 0.1 Stealth


You had 2 spell levels left.
You didn't know any spells.
Your spell library was empty.

Dungeon Overview and Level Annotations

Branches:
Dungeon (2/15)

Altars:


Innate Abilities, Weirdness & Mutations

You have a pair of horns on your head.
You reflexively headbutt those who attack you in melee.


Message History

A gnoll comes into view. It is wielding a +0 halberd.
A gnoll comes into view.
It is wielding a +0 flail and quivering poisoned darts.
The gnoll shouts!
You hit the gnoll but do no damage. Your headbutt misses the gnoll.
A quokka comes into view.
The gnoll closely misses you.
A gnoll comes into view. It is wielding a +0 sling.
You closely miss the gnoll. You headbutt the gnoll!
The gnoll is severely wounded.
The gnoll hits you with a +0 club. The gnoll closely misses you.
You furiously retaliate!
You headbutt the gnoll. You barely miss the gnoll.
The gnoll is almost dead.
The gnoll hits you with a +0 club.
The gnoll hits you from afar with a +0 halberd!
You hit the gnoll.
You kill the gnoll!
Trog accepts your kill.
The gnoll hits you from afar with a +0 halberd!
* * * LOW HITPOINT WARNING * * *
The gnoll throws a poisoned dart.
The poisoned dart hits you!
You are poisoned.
Your Axes skill increases to level 5!
* * * LOW HITPOINT WARNING * * *
You feel sick. The gnoll attacks as it pursues you!
The gnoll closely misses you.
* * * LOW HITPOINT WARNING * * *
You feel sick.
* * * LOW HITPOINT WARNING * * *
You feel sick.
* * * LOW HITPOINT WARNING * * *
You feel sick.
* * * LOW HITPOINT WARNING * * *
You feel sick.
* * * LOW HITPOINT WARNING * * *
You feel sick.
* * * LOW HITPOINT WARNING * * *
You feel sick. The gnoll attacks as it pursues you!
The gnoll hits you from afar with a +0 halberd!
You die...

#.#..........#
#.#..........#
#.#..........# #.#
####.#.#### #.#
#.#.##.. #.#
###......#
#.####...##....
####.#....#.######
. ##@.....####.# #
.. ###...##### #.#
# ...# #.g.#.# ..#
.... ###.###.# ###
#r.###gr.# #.#
#.).g.### #.#
###..## #.# #.....
..# ...##### ...


You could see 3 gnolls and a quokka.

Vanquished Creatures
  Robin (D:2)
  A gnoll (D:2)
  A dart slug (D:1)
  2 ball pythons (D:1)
  A bat (D:1)
  An endoplasm (D:1)
  A giant cockroach (D:2)
  11 goblins
  4 hobgoblins
  3 jackals (D:1)
  A quokka (D:1)
  2 kobolds (D:1)
  3 rats (D:1)
32 creatures vanquished.

Notes
Turn   | Place    | Note
-------+----------+-------------------------------------------
     0 | D:1      | Curundu the Minotaur Berserker began the quest for the Orb.
     0 | D:1      | Reached XP level 1. HP: 19/19 MP: 0/0
   184 | D:1      | Reached XP level 2. HP: 22/27 MP: 1/1
   186 | D:1      | Reached skill level 4 in Axes
   937 | D:2      | Noticed Robin
   946 | D:2      | Reached XP level 3. HP: 31/33 MP: 2/2
   953 | D:2      | Killed Robin
  1109 | D:2      | Reached skill level 5 in Axes
  1115 | D:2      | Mangled by a gnoll

Illustrated notes

Levels and vault maps discovered:
D:1:      orjb1_lava_funnel, layout_loops_corners
D:2:      layout_rooms, uniq_terence, uniq_jessica, uniq_robin

Skill      XL: |  1  2  3 |
---------------+----------+-----
Axes           | 4 5 |  5.0
Fighting       | 4 |  4.1
Armour         | 3 |  3.0
Dodging        | |  2.4
Stealth        | |  0.1

Action                     || total
---------------------------++-------
  Melee: Hand axe          ||     7
         War axe           ||    43
         Headbutt          ||    12
 Invoke: Berserk           ||     1
    Use: Scroll            ||     4
 Armour: Animal skin       ||    44
  Dodge: Dodged            ||    35
